 Dungeon Crawl Stone Soup version 0.30-a0-1035-g38d5fb2972 (webtiles) character file.

Game seed: 13610580444195118309

78 MacCMillion the Shooter (level 3, -3/29 HPs)
             Began as a Demigod Hunter on Apr 8, 2023.
             Slain by a scorpion (4 damage)
             ... on level 3 of the Dungeon.
             The game lasted 00:04:31 (2469 turns).

MacCMillion the Shooter (Demigod Hunter)            Turns: 2469, Time: 00:04:31

Health: -3/29      AC:  6    Str: 12    XL:     3   Next: 94%
Magic:  5/5        EV: 12    Int: 11    God:
Gold:   193        SH:  0    Dex: 21    Spells: 2/2 levels left

rFire   . . .      SeeInvis .    a - +0 shortbow
rCold   . . .      Faith    .    (shield currently unavailable)
rNeg    . . .      Spirit   .    c - +0 leather armour
rPois   .          Reflect  .    j - +2 hat
rElec   .          Rampage  .    m - +0 cloak
rCorr   .                        (no gloves)
Will    .....                    (no boots)
Stlth   ++                       (no amulet)
HPRegen 0.24/turn                (no ring)
MPRegen 0.09/turn                (no ring)

@: flying, invisible
A: high MP 1, forlorn, divine attributes
a: no special abilities


You were on level 3 of the Dungeon.
You visited 1 branch of the dungeon, and saw 3 of its levels.

You collected 193 gold pieces.

Inventory:

Hand Weapons
 a - a +0 shortbow (weapon)
Armour
 c - a +0 leather armour (worn)
 j - a +2 hat (worn)
 l - +0 pearl dragon scales
 m - a +0 cloak (worn)
Jewellery
 r - a ring of positive energy
Wands
 i - a wand of mindburst (15)
Scrolls
 b - a scroll of immolation
 d - 2 scrolls of magic mapping {unknown}
 e - 4 scrolls of identify {unknown}
 h - 2 scrolls of enchant weapon {unknown}
 p - 2 scrolls of fog {unknown}
Potions
 g - a potion of curing {unknown}
 k - a potion of lignification {unknown}
 n - a potion of brilliance {unknown}
 o - a potion of flight
 q - a potion of heal wounds {unknown}


   Skills:
 - Level 1.7 Fighting
 + Level 4.9 Ranged Weapons
 - Level 1.7 Dodging
 - Level 2.0 Stealth


You had 2 spell levels left.
You didn't know any spells.
Your spell library contained the following spells:

 Spells                   Type           Power      Damage    Failure   Level
 Call Canine Familiar     Summ           0%         N/A       80%         3
 Portal Projectile        Hex/Tloc       0%         N/A       80%         3
 Leda's Liquefaction      Hex/Erth       0%         N/A       99%         4


Dungeon Overview and Level Annotations

Branches:
Dungeon (3/15)

Shops:
D:1 =


Innate Abilities, Weirdness & Mutations

You have an increased reservoir of magic. (+10% MP)
You shall have no god before yourself.
Your divine heritage dramatically boosts your attributes as you level up.


Message History

The scorpion poisons you!
You shoot an arrow. The arrow hits the scorpion.
The scorpion is severely wounded.
You feel very sick. The scorpion stings you. The scorpion misses you.
You shoot an arrow.
The arrow hits the scorpion but does no damage.
The scorpion is severely wounded.
You feel sick. The scorpion stings you.
You shoot an arrow. The arrow hits the scorpion.
The scorpion is almost dead.
You feel sick.
The scorpion stings you but does no damage. x2
It was a potion of flight.
You feel very buoyant.
You fly up into the air.
You feel sick. The scorpion stings you.
You are too injured to fight recklessly!
Fire: a) +0 shortbow
Press: ? - help, Q - select action, (/) - cycle Shift-Dir - straight line, f/p - scorpion
Aim: a scorpion (almost dead, 64% to hit)
You shoot an arrow.
The arrow hits the scorpion but does no damage.
The scorpion is almost dead.
You feel sick. The scorpion misses you. The scorpion stings you.
* * * LOW HITPOINT WARNING * * *
Fire: a) +0 shortbow
Press: ? - help, Q - select action, (/) - cycle Shift-Dir - straight line, f/p - scorpion
Aim: a scorpion (almost dead, 64% to hit)
You shoot an arrow.
The arrow hits the scorpion but does no damage.
The scorpion is almost dead.
You feel sick. The scorpion stings you.
* * * LOW HITPOINT WARNING * * *
It was a potion of invisibility.
You fade into invisibility!
* * * LOW HITPOINT WARNING * * *
You feel sick.
You are no longer poisoned.
The scorpion barely misses you. The scorpion stings you.
You die...

#. . #### #.###### #. .# ....
#....... #####.#... #
##..#..##### #.. ...##..# ####
#......##### ###.###..##..# #..
...#..##.##... ..†...#.... ......
.###. #.##.## ##..#.##o###
#.#.##...#. #...... ......o....#
#...s..# .# ####.## '########o.#
##@## ## #.## #........#o# #...#
###.## #.+####'.#.# #...# #..>##
#.#....#.#.# #...# #.####
#.#.##.#.#.####)..##### #.# #
#.#.##.#.#............######.####
#.#....#.#......).).)........##..
#.+####'.#............###.......#
#........#.####...##### #.......#


You could see a scorpion (unable to see you).

Vanquished Creatures
  3 adders
  4 dart slugs
  3 orcs (D:3)
  2 ball pythons (D:1)
  4 bats
  8 endoplasms
  2 giant cockroaches
  A hobgoblin (D:2)
  A quokka (D:3)
  2 frilled lizards
  3 goblins
  2 kobolds
  5 rats
40 creatures vanquished.

Vanquished Creatures (others)
  3 fungi (D:1)
3 creatures vanquished.

Grand Total: 43 creatures vanquished

Notes
Turn   | Place    | Note
-------+----------+-------------------------------------------
     0 | D:1      | MacCMillion the Demigod Hunter began the quest for the Orb.
     0 | D:1      | Reached XP level 1. HP: 17/17 MP: 3/3
    45 | D:1      | Reached skill level 1 in Stealth
   187 | D:1      | Found Xommeq's Jewellery Boutique.
   241 | D:1      | Reached XP level 2. HP: 24/24 MP: 4/4
   473 | D:1      | Reached skill level 4 in Ranged Weapons
  1191 | D:2      | Reached XP level 3. HP: 29/29 MP: 5/5
  2459 | D:3      | Noticed a scorpion
  2469 | D:3      | HP: 1/29 [poisoned by a scorpion]
  2469 | D:3      | Slain by a scorpion

Illustrated notes

Levels and vault maps discovered:
D:1:      dpeg_arrival_fog, layout_loops_ring, serial_shops,
          nicolae_shop_crystal, shapermc_ecumenical_altar_mp_urbaneastern,
          minivault_5, minmay_split_cup_small
D:2:      layout_loops_ring, minmay_misc_feat_ornament
D:3:      layout_loops_cross, minivault_11

Skill      XL: |  1  2 |
---------------+-------+-----
Stealth        | 1 2 |  2.0
Ranged Weapons | 4 |  4.9
Fighting       | |  1.7
Dodging        | |  1.7

Action                     || total
---------------------------++-------
   Fire: Shortbow          ||   107
    Use: Potion            ||     2
 Armour: Leather armour    ||    10
  Dodge: Dodged            ||    28

Table legend: (Time is in decaauts)
 A = Elapsed time spent in this place.
 B = Non-inter-level travel time spent in this place.
 C = Inter-level travel time spent in this place.
 D = Time resting spent in this place.
 E = Time spent auto-exploring this place.
 F = Levels seen in this place.
 G = Mean time per level.
                   A        B        C        D        E       F      G
               +--------+--------+--------+--------+--------+-----+--------+
         Total |   2505 |   2399 |    106 |    486 |   1287 |   3 |  835.0 |
       Dungeon |   2505 |   2399 |    106 |    486 |   1287 |   3 |  835.0 |
               +--------+--------+--------+--------+--------+-----+--------+

Top non-repeatable levels by time:
     D:2: 988 daAuts
     D:1: 918 daAuts
     D:3: 598 daAuts
